 Dungeon Crawl Stone Soup version 0.28-a0-899-gf2b78a14d2 (webtiles) character file.

Game seed: 10416687572857197966

215 CannotBeFrozen the Slasher (level 5, 0/41 HPs)
             Began as a Demigod Warper on Nov 23, 2021.
             Succumbed to a water moccasin's poison
             ... in a sewer.
             The game lasted 00:15:30 (4282 turns).

CannotBeFrozen the Slasher (Demigod Warper)         Turns: 4282, Time: 00:15:31

Health: 0/41       AC:  5    Str: 12    XL:     5   Next: 34%
Magic:  10/10      EV: 11    Int: 19    God:
Gold:   174        SH:  0    Dex: 19    Spells: 6/8 levels left

rFire   . . .      SeeInvis .   a - +1 falchion (vorpal)
rCold   . . .      Faith    .   (no shield)
rNeg    . . .      Spirit   .   l - +0 ring mail
rPois   .          Reflect  .   (no helmet)
rElec   .          Harm     .   (no cloak)
rCorr   .          Rampage  .   (no gloves)
Will    .....                   (no boots)
Stlth   +.........              (no amulet)
HPRegen 0.13/turn               e - +6 ring of dexterity
MPRegen 0.12/turn               (no ring)

@: lethally poisoned (0 -> -5), hasted, very quick
A: high mp 1, forlorn
a: no special abilities


You were in a sewer.
You visited 1 branch of the dungeon, and saw 4 of its levels.
You also visited: Sewer.

You collected 174 gold pieces.

Inventory:

Hand Weapons
 a - a +1 vorpal falchion (weapon)
 b - a +0 hunting sling
Missiles
 d - 5 boomerangs of dispersal {=f =F}
 g - 14 sling bullets
 j - 76 stones
 n - 3 poisoned darts (quivered)
Armour
 i - a +2 chain mail of willpower
 l - a +0 ring mail (worn)
Jewellery
 e - a +6 ring of dexterity (left hand)
Scrolls
 c - 2 scrolls of blinking
Potions
 f - a potion of flight
 h - a potion of haste


   Skills:
 - Level 2.0 Fighting
 + Level 4.8 Long Blades
 - Level 0.8 Throwing
 - Level 1.0 Armour
 - Level 2.0 Dodging
 - Level 1.0 Stealth
 - Level 2.0 Spellcasting
 - Level 3.0 Translocations


You had 6 spell levels left.
You knew the following spells:

 Your Spells              Type           Power      Damage    Failure   Level
b - Blink                 Tloc           26%        N/A       17%         2

Your spell library contained the following spells:

 Spells                   Type           Power      Damage    Failure   Level
 Gell's Gravitas          Tloc           13%        N/A       32%         3
 Lesser Beckoning         Tloc           13%        N/A       32%         3
 Teleport Other           Tloc           13%        N/A       32%         3
 Passwall                 Tmut/Erth      0%         N/A       50%         2
 Swiftness                Air            1%         N/A       75%         3
 Manifold Assault         Tloc           13%        N/A       97%         5


Dungeon Overview and Level Annotations

Branches:
Dungeon (4/15)              Sewer (1/1)
 Temple: D:4-7


Innate Abilities, Weirdness & Mutations

Your attributes grow dramatically as you level up.
You have an increased reservoir of magic. (+10% MP)
You shall have no god before yourself.


Message History

You barely miss the water moccasin.
The water moccasin is moderately wounded.
You feel very sick. The water moccasin bites you!
HP: 29/41 (-11) ========---- !!
You hit the water moccasin but do no damage.
The water moccasin is moderately wounded.
You feel sick.
The water moccasin bites you but does no damage.
HP: 27/41 (-2) =======----- You miss the water moccasin.
The water moccasin is moderately wounded.
You feel sick. The water moccasin bites you.
* * * LOW HITPOINT WARNING * * *
HP: 20/41 (-7) =====------- !
You hit the water moccasin.
The water moccasin is heavily wounded.
You feel sick. The water moccasin bites you.
* * * LOW HITPOINT WARNING * * *
HP: 15/41 (-5) ====-------- !
Okay, then.
You hit the water moccasin but do no damage.
The water moccasin is heavily wounded.
You feel sick. The water moccasin bites you.
* * * LOW HITPOINT WARNING * * *
HP: 9/41 (-6) ==---------- !
You barely miss the water moccasin.
The water moccasin is heavily wounded.
You feel sick. The water moccasin bites you.
* * * LOW HITPOINT WARNING * * *
HP: 7/41 (-2) ==---------- A water moccasin is nearby!
You hit the water moccasin.
The water moccasin is heavily wounded.
You feel sick. The water moccasin bites you.
* * * LOW HITPOINT WARNING * * *
HP: 1/41 (-6) ------------ !
You closely miss the water moccasin.
The water moccasin is heavily wounded.
You die...

.
################....
#..∩........@S.(...(
###########.####....
#!# . #.# #.# #.#
#.# ##.## ##...##


You could see a water moccasin.

Vanquished Creatures
  A howler monkey (D:4)
  A bullfrog skeleton (D:4)
  3 adders
  3 river rats (D:4)
  2 worms
  2 dart slugs
  4 ball pythons
  9 bats
  2 endoplasms
  5 giant cockroaches
  9 goblins
  3 hobgoblins
  4 jackals (D:1)
  6 kobolds
  A quokka (D:2)
  A frilled lizard (D:1)
  32 rats
88 creatures vanquished.

Notes
Turn   | Place    | Note
-------+----------+-------------------------------------------
     0 | D:1      | CannotBeFrozen the Demigod Warper began the quest for the
                  | Orb.
     0 | D:1      | Reached XP level 1. HP: 17/17 MP: 5/5
    66 | D:1      | Reached skill level 2 in Long Blades
   132 | D:1      | Reached skill level 1 in Armour
   225 | D:1      | Reached XP level 2. HP: 14/24 MP: 7/7
   227 | D:1      | Reached skill level 1 in Stealth
   230 | D:1      | Learned a level 2 spell: Blink
   897 | D:1      | Reached XP level 3. HP: 29/29 MP: 8/8
  3075 | D:2      | Reached skill level 3 in Long Blades
  3548 | D:3      | Reached XP level 4. HP: 19/36 MP: 9/9
  3766 | D:3      | You fall into a shaft and drop 1 floor!
  3808 | D:4      | Reached skill level 4 in Long Blades
  3862 | D:4      | Reached XP level 5. HP: 37/41 MP: 10/10
  3964 | D:4      | Found a glowing drain.
  4042 | Sewer    | Entered a sewer
  4242 | Sewer    | Noticed a water moccasin
  4281 | Sewer    | HP: 1/41 [water moccasin (5)]
  4282 | Sewer    | Succumbed to a water moccasin's poison

Illustrated notes

Levels and vault maps discovered:
D:1:      scummos_arrival_checkerplants, layout_basic, grunt_decor_clamped,
          minmay_rat_gold_closets
D:2:      layout_basic, hellmonk_ecumenical_altar_slurped_away, basic_altar,
          serial_park_tiny_1, minmay_rat_hole
D:3:      layout_rooms, xom_teletrap_fun
D:4:      layout_basic, portal_sewer_entry_a
Sewer:    sewer_big_baddie

Skill      XL: |  1  2  3  4 |
---------------+-------------+-----
Long Blades    | 2 3 4 |  4.8
Fighting       | 2 |  2.0
Armour         | 1 |  1.0
Dodging        | 2 |  2.0
Stealth        | 1 |  1.0
Spellcasting   | 2 |  2.0
Translocations | 3 |  3.0
Throwing       | |  0.8

Action                   |  1- 3 |  4- 6 || total
-------------------------+-------+-------++-------
Melee: Falchion          |   205 |    72 ||   277
 Fire: Hunting sling     |       |    13 ||    13
Throw: Stone             |    19 |       ||    19
       Dart              |       |     2 ||     2
  Use: Scroll            |     3 |     3 ||     6
       Potion            |       |     3 ||     3
 Stab: Sleeping          |     7 |       ||     7
Armor: Leather armour    |    38 |       ||    38
       Scale mail        |     8 |       ||     8
       Ring mail         |    23 |    21 ||    44
Dodge: Dodged            |   132 |    47 ||   179

Table legend: (Time is in decaauts)
 A = Elapsed time spent in this place.
 B = Non-inter-level travel time spent in this place.
 C = Inter-level travel time spent in this place.
 D = Time resting spent in this place.
 E = Time spent auto-exploring this place.
 F = Levels seen in this place.
 G = Mean time per level.
                   A        B        C        D        E       F      G
               +--------+--------+--------+--------+--------+-----+--------+
         Total |   4325 |   4143 |    182 |   1168 |   1639 |   5 |  865.0 |
       Dungeon |   4089 |   3907 |    182 |   1001 |   1639 |   4 | 1022.2 |
         Sewer |    235 |    235 |      0 |    167 |      0 |   1 |  235.0 |
               +--------+--------+--------+--------+--------+-----+--------+

Top non-repeatable levels by time:
     D:2: 1832 daAuts
     D:1: 1731 daAuts
     D:4: 278 daAuts
     D:3: 247 daAuts
   Sewer: 235 daAuts
